 Dungeon Crawl Stone Soup version 0.31-a0-219-g8d62b2e7bb (webtiles) character file.

Game seed: 16774472099045808278

39 qw the Shooter (level 3, -3/29 HPs)
             Began as a Minotaur Hexslinger on July 3, 2023.
             Slain by a worm (5 damage)
             ... on level 1 of the Dungeon.
             The game lasted 00:00:22 (1199 turns).

qw the Shooter (Minotaur Hexslinger)                Turns: 1199, Time: 00:00:23

Health: -3/29      AC:  3    Str: 12    XL:     3   Next: 28%
Magic:  3/3        EV: 12    Int: 10    God:
Gold:   85         SH:  0    Dex: 14    Spells: 3/4 levels left

rFire   . . .        Y - +1 sling
rCold   . . .        (no shield)
rNeg    . . .        e - +0 leather armour
rPois   .            (helmet restricted)
rElec   .            (no cloak)
rCorr   .            (no gloves)
SInv    .            (no boots)
Will    .....        (no amulet)
Stlth   +            (no ring)
HPRegen 0.24/turn    (no ring)
MPRegen 0.08/turn

%: no passive effects
@: no status effects
A: horns 2, retaliatory headbutt
a: no special abilities


You were on level 1 of the Dungeon.
You visited 1 branch of the dungeon, and saw 2 of its levels.

You collected 85 gold pieces.


Innate Abilities, Weirdness & Mutations

You have a pair of horns on your head.
You reflexively headbutt those who attack you in melee.


   Skills:
 - Level 2.0 Fighting
 + Level 3.8 Ranged Weapons
 - Level 2.1 Dodging
 - Level 1.0 Spellcasting
 - Level 2.0 Hexes


You had 3 spell levels left.
You knew the following spells:

 Your Spells              Type           Power      Damage    Failure   Level
a - Slow                  Hex            16%        N/A       19%         1

Your spell library contained the following spells:

 Spells                   Type           Power      Damage    Failure   Level
 Inner Flame              Hex/Fire       2%         N/A       65%         3
 Portal Projectile        Hex/Tloc       4%         N/A       65%         3
 Cause Fear               Hex            2%         N/A       88%         4

Inventory:

Hand Weapons
 Y - a +1 sling (weapon)
Armour
 e - a +0 leather armour (worn)

Dungeon Overview and Level Annotations

Branches:
Dungeon (2/15)

Altars:

Annotations:
D:2 Sigmund


Message History

There is a stone staircase leading up, spattered with blood here.
A worm is nearby!
You shoot a sling bullet. The sling bullet hits the worm.
The worm is moderately wounded.
You shoot a sling bullet.
The sling bullet completely misses the worm.
The sling bullet hits Sigmund but does no damage.
You shoot a sling bullet. The sling bullet hits the worm.
The worm is moderately wounded.
Sigmund screams, "Don't try to resist!"
The worm bites you.
1189 ||| STAIRDANCE You climb upwards.
There is a stone staircase leading down here.
You shoot a sling bullet.
The sling bullet barely misses the worm.
The worm bites you!
You shoot a sling bullet.
The sling bullet barely misses the worm.
The worm closely misses you.
You shoot a sling bullet. The sling bullet hits the worm.
The worm is moderately wounded.
The worm barely misses you.
You shoot a sling bullet. The sling bullet hits the worm.
The worm is heavily wounded.
You shoot a sling bullet. The sling bullet hits the worm.
The worm is severely wounded.
The worm bites you!
You shoot a sling bullet. The sling bullet hits the worm.
The worm is almost dead.
The worm bites you!
You shoot a sling bullet.
The sling bullet barely misses the worm.
The worm barely misses you.
You shoot a sling bullet.
The sling bullet barely misses the worm.
You shoot a sling bullet.
The sling bullet barely misses the worm.
The worm bites you.
You die...

......# #....# #......(...#
#####.# #....# #..........#
#####.####....# #..........#
##......##....# #..........#
##......##....# #######.####
##......##....#############.#
##......##....#...........#.#
........##....#w..........#.#####
........##....+.@)...............
...?..........#...........#.#####
........##.......................
........##.....#############.####
.....#####...................#
.....#####............###########
.........###.########..).........
.............##########......####
#'###........................+...


You could see a worm.

Vanquished Creatures
  A gnoll (D:1)
  3 endoplasms (D:1)
  2 giant cockroaches (D:1)
  3 goblins (D:1)
  5 hobgoblins (D:1)
  3 ball pythons (D:1)
  2 bats (D:1)
  4 frilled lizards (D:1)
  3 kobolds (D:1)
  2 rats
28 creatures vanquished.

Notes
Turn   | Place    | Note
-------+----------+-------------------------------------------
     0 | D:1      | qw the Minotaur Hexslinger began the quest for the Orb.
     0 | D:1      | Reached XP level 1. HP: 16/16 MP: 1/1
     0 | D:1      | 0 ||| qw: Version: 0.3-a-40-ge99b1a8
     0 | D:1      | 0 ||| qw: Game counter: 368
     0 | D:1      | 0 ||| qw: Melee chars always use a shield: true
     0 | D:1      | 0 ||| qw: God list: Okawaru
     0 | D:1      | 0 ||| qw: Allow faded altars: false
     0 | D:1      | 0 ||| qw: Do Orc after clearing Dungeon:15 true
     0 | D:1      | 0 ||| qw: Do second Lair branch before Depths: true
     0 | D:1      | 0 ||| qw: Lair rune preference: random
     0 | D:1      | 0 ||| qw: Goals: Normal
     0 | D:1      | 0 ||| PLANNING D:1-11
   137 | D:1      | HP: 3/16 [gnoll/+0 flail (6)]
   139 | D:1      | Reached skill level 3 in Ranged Weapons
   139 | D:1      | Reached XP level 2. HP: 5/23 MP: 2/2
   456 | D:1      | 456 ||| Stepping ~*~*~tactically~*~*~ (water).
   465 | D:1      | Reached XP level 3. HP: 27/29 MP: 3/3
  1032 | D:1      | 1032 ||| UPGRADING to +0 leather armour.
  1042 | D:1      | 1042 ||| DROPPING +0 robe.
  1043 | D:1      | 1043 ||| READING scroll labelled HENUIT YST.
  1044 | D:1      | 1044 ||| READING scroll labelled ENKEAD HAOC.
  1045 | D:1      | 1045 ||| READING scroll labelled XYAQOJ MOSIOTORGH.
  1048 | D:1      | 1048 ||| READING scroll labelled ADWUNE IKIAXECH.
  1102 | D:1      | 1102 ||| READING scroll labelled FOWEUJUKER.
  1103 | D:1      | 1103 ||| DROPPING scroll of poison.
  1118 | D:2      | Noticed Sigmund
  1122 | D:2      | 1122 ||| STAIRDANCE
  1189 | D:2      | 1189 ||| STAIRDANCE
  1196 | D:1      | HP: 1/29 [worm (8)]
  1199 | D:1      | Slain by a worm

Levels and vault maps discovered:
D:1:      dpeg_arrival_round_a, layout_basic, nrook_mini_vaults,
          chequers_serial_rivers_marsh, amcnicky_mini_rare_corridor_liquid
D:2:      layout_basic, serial_shops, nicolae_shop_back_alley_shop,
          minmay_quadrilaterals, uniq_sigmund

Skill      XL: |  1  2 |
---------------+-------+-----
Ranged Weapons | 3 |  3.8
Fighting       | 2 |  2.0
Dodging        | |  2.1
Spellcasting   | |  1.0
Hexes          | |  2.0

Action                     || total
---------------------------++-------
   Fire: Sling             ||    91
    Use: Scroll            ||     5
 Armour: Robe              ||     3
  Dodge: Dodged            ||    14

Table legend:
 A = Non-vault XP
 B = Vault XP
 C = Vault XP percentage of total XP
 D = Non-vault monster count
 E = Vault monster count
 F = Vault count percentage of total count
                 A         B        C        D         E       F
            +---------+---------+-------+---------+---------+-------
      Total |      57 |       0 |   0.0 |      28 |       0 |   0.0
            +---------+---------+-------+---------+---------+-------
        D:1 |      56 |       0 |   0.0 |      27 |       0 |   0.0
        D:2 |       1 |       0 |   0.0 |       1 |       0 |   0.0
            +---------+---------+-------+---------+---------+-------
